 Dungeon Crawl Stone Soup version 0.26-a0-1012-gedcf9b2963 (webtiles) character file.

Game seed: 14278512927571469010

28 Boiledbread the Caller (level 3, 0/19 HPs)
             Began as a Tengu Summoner on Dec 7, 2020.
             Slain by an adder (1 damage)
             ... on level 3 of the Dungeon.
             The game lasted 00:11:03 (1884 turns).

Boiledbread the Caller (Tengu Summoner)             Turns: 1884, Time: 00:11:05

Health: 0/19       AC:  2    Str:  8    XL:     3   Next: 12%
Magic:  1/7        EV: 12    Int: 16    God:
Gold:   68         SH:  0    Dex: 14    Spells: 3/7 levels left

rFire    . . .     SeeInvis .   d - +0 club
rCold    . . .     Faith    .   (no shield)
rNeg     . . .     Spirit   .   a - +0 robe
rPois    .         Reflect  .   (helmet restricted)
rElec    .         Harm     .   (no cloak)
rCorr    .         Rampage  .   (no gloves)
Will     .....                  (boots unavailable)
Stlth    ++........             (no amulet)
HPRegen  0.06/turn              (no ring)
MPRegen  0.10/turn              (no ring)

@: lethally poisoned (0 -> -7)
A: beak, talons 3
a: no special abilities


You were on level 3 of the Dungeon.
You visited 1 branch of the dungeon, and saw 3 of its levels.

You collected 68 gold pieces.

Inventory:

Hand Weapons
 d - a +0 club (weapon)
Missiles
 g - 33 stones
 i - 42 arrows
Armour
 a - a +0 robe (worn)
Jewellery
 e - a cursed ring of attention {unknown}
Scrolls
 b - a scroll of amnesia {unknown}
 f - a scroll of fog {unknown}
 h - 2 scrolls of identify {unknown}
 j - a scroll of remove curse {unknown}
 k - a scroll of enchant armour {unknown}
Potions
 c - a potion of curing {unknown}


   Skills:
 + Level 2.2 Dodging
 + Level 2.0 Stealth
 + Level 2.6 Spellcasting
 + Level 5.4 Summonings


You had 3 spell levels left.
You knew the following spells:

 Your Spells              Type           Power        Failure   Level
a - Summon Small Mammal   Summ           ###.         1%          1
b - Call Canine Familiar  Summ           ###.....     6%          3

Your spell library contained the following spells:

 Spells                   Type           Power        Failure   Level
 Call Imp                 Summ           ###.....     3%          2
 Summon Guardian Golem    Hex/Summ       ##......     19%         3
 Summon Ice Beast         Ice/Summ       ##......     54%         4
 Summon Lightning Spire   Summ/Air       ##......     54%         4


Dungeon Overview and Level Annotations

Branches:
Dungeon (3/15)

Altars:


Innate Abilities, Weirdness & Mutations

You have a beak for a mouth.
You have claws for feet.


Message History

The adder completely misses your quokka.
Your quokka closely misses the adder.
Your bat hits the adder but does no damage.
The adder bites your quokka.
Your quokka dies!
Your quokka's corpse disappears in a puff of smoke!
You closely miss the adder. You peck the adder, but do no damage.
The adder is moderately wounded.
Your bat hits the adder but does no damage.
The adder bites you.
* * * LOW HITPOINT WARNING * * *
You are lethally poisoned!
The adder poisons you!
You closely miss the adder. You claw the adder.
The adder is moderately wounded.
* * * LOW HITPOINT WARNING * * *
You feel sick.
Your bat hits the adder but does no damage.
The adder closely misses you. The adder bites you.
You die...

#. #. #. #.
######.######
#.......@...####
.##....S......#
#...<..b.....#
#.#.####.##..# #
## .# .# . ##


You could see an adder and a friendly bat (summoned).

Vanquished Creatures
  A kobold (D:1)
1 creature vanquished.

Vanquished Creatures (collateral kills)
  A dart slug (D:2)
  3 leopard geckos
  3 bats
  4 giant cockroaches
  4 goblins
  10 hobgoblins
  A ball python (D:1)
  4 frilled lizards (D:1)
  4 rats
34 creatures vanquished.

Grand Total: 35 creatures vanquished

Notes
Turn   | Place    | Note
-------+----------+-------------------------------------------
     0 | D:1      | Boiledbread the Tengu Summoner began the quest for the Orb.
     0 | D:1      | Reached XP level 1. HP: 10/10 MP: 4/4
   173 | D:1      | Reached skill level 5 in Summonings
   692 | D:1      | Reached XP level 2. HP: 15/15 MP: 1/6
  1596 | D:2      | Reached XP level 3. HP: 19/19 MP: 2/7
  1600 | D:2      | Learned a level 3 spell: Call Canine Familiar
  1884 | D:3      | Slain by an adder

Illustrated notes

Levels and vault maps discovered:
D:1:      psy_arrival_statuary, layout_rooms, st_stairs_7
D:2:      layout_basic, st_stairs_5, makhleb_heckhound_becter
D:3:      lemuel_upstairs_altar, layout_loops_ring, okawaru_altar_gauntlet_db,
          uniq_sigmund

Skill      XL: |  1 |
---------------+----+-----
Summonings     | 5 |  5.4
Dodging        | |  2.2
Stealth        | |  2.0
Spellcasting   | |  2.6

Action                   || total
-------------------------++-------
Melee: Club              ||     5
       Kick              ||     1
       Peck              ||     1
 Cast: Summon Small Mamm ||   108
       Call Canine Famil ||     3
Armor: Robe              ||     6
Dodge: Dodged            ||    34

Table legend: (Time is in decaauts)
 A = Elapsed time spent in this place.
 B = Non-inter-level travel time spent in this place.
 C = Inter-level travel time spent in this place.
 D = Time resting spent in this place.
 E = Time spent auto-exploring this place.
 F = Levels seen in this place.
 G = Mean time per level.
                   A        B        C        D        E       F      G
               +--------+--------+--------+--------+--------+-----+--------+
         Total |   1884 |   1851 |     33 |      0 |   1458 |   3 |  628.0 |
       Dungeon |   1884 |   1851 |     33 |      0 |   1458 |   3 |  628.0 |
               +--------+--------+--------+--------+--------+-----+--------+

Top non-repeatable levels by time:
     D:1: 1210 daAuts
     D:2: 667 daAuts
     D:3: 7 daAuts
